 Dungeon Crawl Stone Soup version 0.27-a0-1149-g4505690ab0 (webtiles) character file.

Game seed: 7285868789963846653

2 Lekart the Skirmisher (level 1, -7/19 HPs)
             Began as a Draconian Chaos Knight on May 13, 2021.
             Was a Plaything of Xom.
             Mangled by a tarantella (shapeshifter) (14 damage)
             ... on level 1 of the Dungeon.
             The game lasted 00:00:11 (71 turns).

Lekart the Skirmisher (Draconian Chaos Knight)        Turns: 71, Time: 00:00:13

Health: -7/19      AC:  4    Str: 14    XL:     1   Next: 33%
Magic:  1/1        EV: 12    Int: 12    God:    Xom [..*...]
Gold:   20         SH:  0    Dex: 10    Spells: 0/0 levels left

rFire    . . .     SeeInvis .   a - +0 falchion (chaos)
rCold    . . .     Faith    .   (no shield)
rNeg     . . .     Spirit   .   (armour unavailable)
rPois    .         Reflect  .   (helmet restricted)
rElec    .         Harm     .   (no cloak)
rCorr    .         Rampage  .   (no gloves)
Will     .....                  (no boots)
Stlth    +.........             (no amulet)
HPRegen  0.06/turn              (no ring)
MPRegen  0.07/turn              (no ring)

@: no status effects
A: AC +4, unfitting armour, cold-blooded
a: Renounce Religion


You were on level 1 of the Dungeon.
You worshipped Xom.
You were a toy of Xom.
You visited 1 branch of the dungeon, and saw 1 of its levels.

You collected 20 gold pieces.

Inventory:

Hand Weapons
 a - a +0 falchion of chaos (weapon)


   Skills:
 * Level 3.4 Fighting
 + Level 3.0 Long Blades
 + Level 2.1 Dodging


You couldn't memorise any spells.
You didn't know any spells.
Your spell library was empty.

Dungeon Overview and Level Annotations

Branches:
Dungeon (1/15)

Altars:


Innate Abilities, Weirdness & Mutations

Your plain brown scales are hard. (AC +4)
You cannot fit into any form of body armour.
You are cold-blooded and may be slowed by cold attacks.


Message History

An endoplasm is nearby!
An endoplasm is nearby!
You hit the endoplasm.
You kill the endoplasm!
A gnoll comes into view. It is wielding a +0 whip.
The gnoll shouts!
A gnoll is nearby!
Found 16 gold pieces.
A gnoll is nearby!
A gnoll is nearby!
A gnoll is nearby!
You hit the gnoll.
The gnoll changes into a shapeshifter!
Xom is mildly amused.
The shapeshifter is moderately wounded.
The shapeshifter changes into a tarantella!
A tarantella is nearby!
You completely miss the tarantella.
The tarantella is lightly wounded.
The tarantella barely misses you.
A tarantella is nearby!
You closely miss the tarantella.
The tarantella is lightly wounded.
The tarantella bites you.
A shower of butterflies erupts from you!
You hit the tarantella. You burn the tarantella.
The tarantella is moderately wounded.
The tarantella misses you.
You riposte.
You barely miss the tarantella.
The tarantella is moderately wounded.
The tarantella closely misses you.
You hit the tarantella. You freeze the tarantella.
Your tail-slap misses the tarantella.
The tarantella is moderately wounded.
The tarantella bites you. x2
You hit the tarantella.
Lightning courses through the tarantella!
The tarantella is severely wounded.
The tarantella bites you!
Ouch! That really hurt!
You die...
Xom snickers!

#.# #$# #.# #.#
#.# # #b# #. #s#
#.# #@# ...#b# #
..#.#.#b#####.###
................
....
.##.#.#.#..##.#
#.#. #.#.......#
#.#. # ####..###
#.#. ##.## #.#.
#..# #.#.


You could see a tarantella shaped shifter (ally target).

Vanquished Creatures
  An endoplasm (D:1)
  A bat (D:1)
  A rat (D:1)
3 creatures vanquished.

Notes
Turn   | Place    | Note
-------+----------+-------------------------------------------
     0 | D:1      | Lekart the Draconian Chaos Knight began the quest for the
                  | Orb.
     0 | D:1      | Reached XP level 1. HP: 19/19 MP: 1/1
    66 | D:1      | Noticed a shapeshifter
    66 | D:1      | a gnoll changed into a shapeshifter
    66 | D:1      | Noticed a tarantella
    66 | D:1      | a shapeshifter changed into a tarantella
    68 | D:1      | XOM: butterfly on damage
    71 | D:1      | Mangled by a tarantella (shapeshifter)

Illustrated notes

Levels and vault maps discovered:
D:1:      pf_arrival_petrified_forest, layout_basic

Action                   || total
-------------------------++-------
Melee: Falchion          ||    10
Dodge: Dodged            ||     7
       Rpst.: Falchion   ||     2

Table legend: (Time is in decaauts)
 A = Elapsed time spent in this place.
 B = Non-inter-level travel time spent in this place.
 C = Inter-level travel time spent in this place.
 D = Time resting spent in this place.
 E = Time spent auto-exploring this place.
 F = Levels seen in this place.
 G = Mean time per level.
                   A        B        C        D        E       F      G
               +--------+--------+--------+--------+--------+-----+--------+
         Total |     72 |     72 |      0 |      0 |     50 |   1 |   72.0 |
       Dungeon |     72 |     72 |      0 |      0 |     50 |   1 |   72.0 |
               +--------+--------+--------+--------+--------+-----+--------+

Top non-repeatable levels by time:
     D:1: 72 daAuts
